 Dungeon Crawl Stone Soup version 0.20-a0-1023-gc4d110f (webtiles) character file.

14 M4edhros the Grave Robber (level 2, 0/17 HPs)
             Began as an Octopode Necromancer on Apr 19, 2017.
             Slain by a bat (1 damage)
             ... on level 1 of the Dungeon.
             The game lasted 00:01:26 (328 turns).

M4edhros the Grave Robber (Octopode Necromancer)     Turns: 328, Time: 00:01:27

Health: 0/17       AC:  1    Str:  4 (7)  XL:     2   Next: 41%
Magic:  1/5        EV: 13    Int: 15 (17) God:
Gold:   28         SH:  0    Dex: 10 (12) Spells: 3/5 levels left

rFire    . . .     SeeInvis .     - Unarmed
rCold    . . .     Gourm    .   (no shield)
rNeg     . . .     Faith    .   (helmet restricted)
rPois    .         Spirit   .   (no amulet)
rElec    .         Reflect  .   (no ring)
rCorr    .         Harm     .   (no ring)
MR       .....                  (no ring)
Stlth    +++.......             (no ring)
Regen    0.1/turn               (no ring)
MPRegen  0.1/turn               (no ring)
                                (no ring)
                                (no ring)

@: hasted, very quick
A: almost no armour, stealthy swim, amphibious, 8 rings, constrict 8, camouflage
1, gelatinous body 1
a: no special abilities


You were on level 1 of the Dungeon.
You were not hungry.

You visited 1 branch of the dungeon, and saw 2 of its levels.

You collected 28 gold pieces.

Inventory:

Scrolls
 g - a scroll of remove curse {unknown}
 j - a scroll of identify {unknown}
 k - a scroll of noise {unknown}
 l - a scroll of amnesia {unknown}
Books
 a - a book of Necromancy

   Spells                             Type                      Level
   a - Pain                           Necromancy                   1
   b - Animate Skeleton               Necromancy                   1
   c - Vampiric Draining              Necromancy                   3
   d - Regeneration                   Charms/Necromancy            3
   e - Animate Dead                   Necromancy                   4
   f - Control Undead                 Necromancy                   4
Comestibles
 b - a bread ration


   Skills:
 - Level 2.0 Dodging
 - Level 2.6 Stealth
 + Level 2.0 Unarmed Combat
 - Level 2.0 Spellcasting
 - Level 4.0 Necromancy


You had 3 spell levels left.
You knew the following spells:

 Your Spells              Type           Power        Failure   Level  Hunger
a - Pain                  Necr           ##..         4%          1    #......
b - Animate Skeleton      Necr           N/A          4%          1    #......


Dungeon Overview and Level Annotations

Branches:
Dungeon (2/15)

Altars:

Annotations:
D:2 Robin


Innate Abilities, Weirdness & Mutations

You cannot wear most types of armour.
You are very stealthy in the water. (Stealth+)
You are amphibious.
You can wear up to eight rings at the same time.
You can use your tentacles to constrict eight enemies at once.
Your skin changes colour to match your surroundings (Stealth+).
Your rubbery body absorbs attacks. (AC +1, EV +1)


Message History

Found 14 sling bullets.
A bat comes into view.
Casting: Pain
Confirm with . or Enter, or press ? or * to list all spells.
You can't see any susceptible monsters within range! (Use Z to cast anyway.)
Casting: Pain
Confirm with . or Enter, or press ? or * to list all spells.
Aiming: Pain
Press: ? - help, Shift-Dir - straight line, f - bat
Aim: a bat (resting, chance to defeat MR: 83%)
The bat barely resists.
Casting: Pain
Confirm with . or Enter, or press ? or * to list all spells.
You don't have enough magic to cast that spell.
Your magical contamination has completely faded away.
The bat barely misses you.
You barely miss the bat. You grab the bat.
You constrict the bat, but do no damage.
The bat hits you.
You die...

......###.# #.........#
##.##
........#.###..########
#.# .######........# #.#
.# #####.###..# ..# .#
##...#.# #..# ###
.###......###..##########
................(........
####......###.##b########
##...#.# #.##@# ##....#
#.##.# #.#### #.##.# #.#
#. #.# #.# #. #.# .# #..
###


You could see a bat.

Vanquished Creatures
  2 leopard geckos (D:1)
  3 goblins (D:2)
  2 hobgoblins
  2 frilled lizards (D:1)
  2 rats
11 creatures vanquished.

Notes
Turn   | Place    | Note
-------+----------+-------------------------------------------
     0 | D:1      | M4edhros the Octopode Necromancer began the quest for the Orb.
     0 | D:1      | Reached XP level 1. HP: 11/11 MP: 3/3
    47 | D:1      | Learned a level 1 spell: Animate Skeleton
    69 | D:1      | Reached skill level 1 in Unarmed Combat
    85 | D:2      | Noticed Robin
   125 | D:1      | Reached XP level 2. HP: 15/17 MP: 1/5
   328 | D:1      | Slain by a bat

Vault maps used:
D:1:      dpeg_arrival_rooms_b, hangedman_abyss_or_decor_lesser_grid
D:2:      nicolae_overflow_hidden_temple,
          chequers_ecumenical_altar_simple_redux, uniq_robin

Skill      XL: |  1  2 |
---------------+-------+-----
Unarmed Combat | 1 2 |  2.0
Dodging        | |  2.0
Stealth        | |  2.6
Spellcasting   | |  2.0
Necromancy     | |  4.0

Action                   || total
-------------------------++-------
Melee: Unarmed           ||    13
       Constrict         ||     4
       Tentacles         ||     1
 Cast: Pain              ||    10
  Use: Potion            ||     7
 Stab: Sleeping          ||     1
Armor: Skin              ||     1
Dodge: Dodged            ||     6
